 Dungeon Crawl Stone Soup version 0.28-a0-1347-g113dc556a4 (webtiles) character file.

Game seed: 13512461667382334126

5 Bediveer the Charlatan (level 1, -1/10 HPs)
             Began as a Spriggan Artificer on Dec 29, 2021.
             Killed from afar by a dart slug (5 damage)
             ... with a slug dart
             ... on level 1 of the Dungeon.
             The game lasted 00:01:49 (459 turns).

Bediveer the Charlatan (Spriggan Artificer)          Turns: 459, Time: 00:01:50

Health: -1/10      AC:  2    Str:  8    XL:     1   Next: 66%
Magic:  2/2        EV: 18    Int: 12    God:
Gold:   18         SH:  0    Dex: 15    Spells: 0/0 levels left

rFire   . . .      SeeInvis +   a - +0 club
rCold   . . .      Faith    .   (no shield)
rNeg    . . .      Spirit   .   b - +0 robe
rPois   .          Reflect  .   (helmet restricted)
rElec   .          Harm     .   (no cloak)
rCorr   .          Rampage  .   (gloves unavailable)
Will    .....                   (boots unavailable)
Stlth   ++........              (no amulet)
HPRegen 0.03/turn               (no ring)
MPRegen 0.08/turn               (no ring)

@: very quick
A: very small, no large weapons, unfitting armour, see invisible, speed 3
a: no special abilities


You were on level 1 of the Dungeon.
You visited 1 branch of the dungeon, and saw 1 of its levels.

You collected 18 gold pieces.

Inventory:

Hand Weapons
 a - a +0 club (weapon)
Missiles
 f - 33 stones
Armour
 b - a +0 robe (worn)
Wands
 c - a wand of flame (15) (quivered)
 d - a wand of charming (15)
Miscellaneous
 e - a piece from Xom's chessboard (15/15)


   Skills:
 * Level 1.0 Fighting
 + Level 3.4 Dodging
 * Level 2.0 Stealth
 - Level 4.0 Evocations


You couldn't memorise any spells.
You didn't know any spells.
Your spell library was empty.

Dungeon Overview and Level Annotations

Branches:
Dungeon (1/15)

Altars:


Innate Abilities, Weirdness & Mutations

You are very small and have problems with some larger weapons.
You are too small for most types of armour.
You have supernaturally acute eyesight. (SInv)
You cover ground extremely quickly. (Speed+++)


Message History

You hit the dart slug.
The dart slug is moderately wounded.
The dart slug bites you. The dart slug launches a dart at you.
The slug dart misses you.
You completely miss the dart slug.
The dart slug is moderately wounded.
The goblin shouts!
The dart slug launches a dart at you. The slug dart misses you.
You hit the dart slug.
The dart slug is heavily wounded.
The dart slug launches a dart at you. The slug dart hits you.
Ouch! That really hurt!
* * * LOW HITPOINT WARNING * * *
You are too injured to fight recklessly!
The endoplasm quivers.
The dart slug launches a dart at you. The slug dart misses you.
The dart slug launches a dart at you. The slug dart hits you.
* * * LOW HITPOINT WARNING * * *
The dart slug launches a dart at you. The slug dart misses you.
There is a stone staircase leading down here.
You start resting.
A dart slug is nearby!
Found a stone staircase leading down.
A giant cockroach comes into view.
You start resting.
A dart slug is nearby!
You start resting.
A dart slug is nearby!
You start resting.
A dart slug is nearby!
The dart slug launches a dart at you. The slug dart hits you.
Ouch! That really hurt!
You die...

### .... B.....
.....# .....####
#######.#
........#
#.......#
#.....###@#######
#.......w.#
#.....#####
########.....####
..........>.....#
#####.##........#
## #.####......#
.# #.# #......#
.# #.####......#


You could see a dart slug.

Vanquished Creatures
  A bat (D:1)
  A giant cockroach (D:1)
  A hobgoblin (D:1)
  A ball python (D:1)
  A kobold (D:1)
5 creatures vanquished.

Notes
Turn   | Place    | Note
-------+----------+-------------------------------------------
     0 | D:1      | Bediveer the Spriggan Artificer began the quest for the
                  | Orb.
     0 | D:1      | Reached XP level 1. HP: 9/9 MP: 2/2
   289 | D:1      | Reached skill level 1 in Fighting
   459 | D:1      | Killed from afar by a dart slug

Illustrated notes

Levels and vault maps discovered:
D:1:      dpeg_arrival_radiant, layout_basic, basic_ecumenical_altar

Skill      XL: |  1 |
---------------+----+-----
Fighting       | 1 |  1.0
Stealth        | 2 |  2.0
Dodging        | |  3.4
Evocations     | |  4.0

Action                   || total
-------------------------++-------
Melee: Club              ||    27
 Stab: Sleeping          ||     1
Armor: Robe              ||     4
Dodge: Dodged            ||    40

Table legend: (Time is in decaauts)
 A = Elapsed time spent in this place.
 B = Non-inter-level travel time spent in this place.
 C = Inter-level travel time spent in this place.
 D = Time resting spent in this place.
 E = Time spent auto-exploring this place.
 F = Levels seen in this place.
 G = Mean time per level.
                   A        B        C        D        E       F      G
               +--------+--------+--------+--------+--------+-----+--------+
         Total |    378 |    328 |     50 |     33 |    228 |   1 |  378.0 |
       Dungeon |    378 |    328 |     50 |     33 |    228 |   1 |  378.0 |
               +--------+--------+--------+--------+--------+-----+--------+

Top non-repeatable levels by time:
     D:1: 378 daAuts
